 Dungeon Crawl Stone Soup version 0.19.1 (webtiles) character file.

206 JeffiDaFish the Shield-Bearer (level 5, -2/33 HPs)
             Began as a Gargoyle Fighter on Dec 7, 2016.
             Slain by an ogre
             ... wielding a cursed -1 giant club
              (14 damage)
             ... on level 4 of the Dungeon.
             The game lasted 00:05:16 (2291 turns).

JeffiDaFish the Shield-Bearer (Gargoyle Fighter)    Turns: 2291, Time: 00:05:17

Health: -2/33      AC: 17    Str: 19    XL:     5   Next: 84%
Magic:  5/5        EV:  5    Int:  9    God:
Gold:   130        SH:  9    Dex: 10    Spells: 0 memorised, 4 levels left

rFire  . . .     SeeInvis .     a - +1 flail
rCold  . . .     Gourm    .     i - +0 chain mail
rNeg   + . .     Faith    .     c - +0 shield
rPois  ∞         Spirit   .     (no helmet)
rElec  +         Reflect  .     (no cloak)
rCorr  .         Harm     .     (no gloves)
MR     .....                    e - +1 pair of boots
Stlth  ..........               (no amulet)
                                (no ring)
                                (no ring)

@: no status effects
A: yellow scales 1, negative energy resistance 1, electricity resistance, wild
magic 1, unbreathing, petrification resistance, rot immunity, AC +4
a: no special abilities


You were on level 4 of the Dungeon.
You were not hungry.

You visited 1 branch of the dungeon, and saw 4 of its levels.

You collected 130 gold pieces.

Inventory:

Hand Weapons
 a - a +1 flail (weapon)
Armour
 c - a +0 shield (worn)
 e - a +1 pair of boots (worn)
 i - a +0 chain mail (worn)
Scrolls
 b - a scroll of identify
 j - a scroll of noise {unknown}
 m - a scroll of remove curse
Potions
 d - a potion of might
 g - a potion of ambrosia {unknown}
Comestibles
 f - 3 bread rations
 h - a beef jerky
 k - a royal jelly
 l - 4 meat rations
 n - 3 chunks of flesh


   Skills:
 + Level 4.0 Fighting
 + Level 3.5 Maces & Flails
 + Level 4.1 Armour
 + Level 0.8 Dodging
 + Level 4.7 Shields


You had 4 spell levels left.
You didn't know any spells.

Dungeon Overview and Level Annotations

Branches:
Dungeon (4/15)
 Temple: D:4-7

Altars:
Cheibriados


Innate Abilities, Weirdness & Mutations

You are resistant to torment.
Your stone body is resilient. (AC +4)
You are immune to poison.
You resist negative energy. (rN+)
You are resistant to electric shocks. (rElec)
You can survive without breathing.
You are immune to petrification.
You are immune to rotting.
You are partially covered in yellow scales. (AC +2)
Your spells are a little harder to cast, but a little more powerful.


Message History

You block the ogre's attack.
You hit the ogre.
The ogre is moderately wounded.
The ogre hits you with a giant club!
You hit the ogre but do no damage.
The ogre is moderately wounded.
The ogre hits you but does no damage.
You sock the ogre!
The ogre is severely wounded.
You block the ogre's attack.
You barely miss the ogre.
The ogre is severely wounded.
The ogre barely misses you.
You hit the ogre.
The ogre is almost dead.
The ogre hits you with a giant club!
Your shield and chain mail prevent you from hitting the ogre.
The ogre is almost dead.
The ogre hits you with a giant club!
You die...

.## ...# #...# #....##
#.....###+++ #..........
#.......O# #[.....@#
#.......#
#%......###########
##+####......#.##.######
#......#..........
#......#......?...
#......'..........
#......#..(.#.....
#......######.##+#


You could see an ogre.

Vanquished Creatures
  The ghost of Firecrotchwizard the Shooter, an amateur HEHu (D:3)
  4 gnolls (D:3)
  2 adders (D:3)
  A worm (D:2)
  A dart slug (D:1)
  4 orcs (D:3)
  5 bats
  2 giant cockroaches
  8 hobgoblins
  2 jackals (D:2)
  15 kobolds
  3 quokkas
  6 frilled lizards
  7 goblins
  A quokka skeleton (D:3)
  2 rats
64 creatures vanquished.

Notes
Turn   | Place    | Note
-------+----------+-------------------------------------------
     0 | D:1      | JeffiDaFish the Gargoyle Fighter began the quest for the Orb.
     0 | D:1      | Reached XP level 1. HP: 14/14 MP: 1/1
    82 | D:1      | Reached XP level 2. HP: 13/19 MP: 2/2
   746 | D:2      | Reached XP level 3. HP: 24/24 MP: 3/3
   956 | D:2      | Found a snail-covered altar of Cheibriados.
  1336 | D:3      | Reached XP level 4. HP: 4/29 MP: 4/4
  1338 | D:3      | HP: 1/29 [gnoll/spear (3)]
  1657 | D:3      | Gained mutation: Your spells are a little harder to cast, but a little more powerful. [potion of mutation]
  1657 | D:3      | Gained mutation: You are partially covered in yellow scales. (AC +2) [potion of mutation]
  1667 | D:3      | Noticed Firecrotchwizard's ghost (amateur HEHu)
  1684 | D:3      | Killed Firecrotchwizard's ghost
  1684 | D:3      | Reached XP level 5. HP: 33/33 MP: 5/5
  2281 | D:4      | Noticed an ogre
  2291 | D:4      | Slain by an ogre

Skill      XL: |  1  2  3  4  5 |
---------------+----------------+-----
Shields        | 4 |  4.7
Maces & Flails | 3 |  3.5
Armour         | 4 |  4.1
Fighting       | 4 |  4.0
Dodging        | |  0.8

Action                   |  1- 3 |  4- 6 || total
-------------------------+-------+-------++-------
Melee: Flail             |   122 |   111 ||   233
  Use: Scroll            |     5 |       ||     5
       Potion            |     4 |     1 ||     5
  Eat: Chunk             |     2 |     3 ||     5
Armor: Scale mail        |    17 |       ||    17
       Chain mail        |    58 |    68 ||   126
Dodge: Dodged            |    46 |    24 ||    70
Block: Shield            |    66 |    62 ||   128
